 Dungeon Crawl Stone Soup version 0.29.0-13-gc9e81de378 (webtiles) character file.

Game seed: 455671998215334753

358 themarg the Chopper (level 6, -8/56 HPs)
             Began as a Minotaur Berserker on Sept 7, 2022.
             Was a Priest of Trog.
             Mangled by a wyvern (9 damage)
             ... on level 5 of the Dungeon.
             The game lasted 00:05:09 (4291 turns).

themarg the Chopper (Minotaur Berserker)            Turns: 4291, Time: 00:05:09

Health: -8/56      AC:  3    Str: 23    XL:     6   Next: 37%
Magic:  5/5        EV: 12    Int:  4    God:    Trog [***...]
Gold:   256        SH:  0    Dex: 10    Spells: 5/5 levels left

rFire   . . .      SeeInvis .   a - +0 hand axe
rCold   . . .      Faith    .   (no shield)
rNeg    . . .      Spirit   .   e - +0 leather armour
rPois   .          Reflect  .   (helmet restricted)
rElec   .          Harm     .   (no cloak)
rCorr   .          Rampage  .   (no gloves)
Will    .....                   (no boots)
Stlth   +.........              (no amulet)
HPRegen 0.18/turn               (no ring)
MPRegen 0.09/turn               (no ring)

@: hasted, very quick
A: horns 2, retaliatory headbutt
a: Renounce Religion, Berserk, Trog's Hand


You were on level 5 of the Dungeon.
You worshipped Trog.
Trog was most pleased with you.
You visited 1 branch of the dungeon, and saw 5 of its levels.

You collected 256 gold pieces.

Inventory:

Hand Weapons
 a - a +0 hand axe (weapon)
Armour
 e - a +0 leather armour (worn)
Jewellery
 i - a ring of fire
Wands
 v - a wand of iceblast (9)
Scrolls
 b - a scroll of silence {unknown}
 c - a scroll of fog {unknown}
 d - 5 scrolls of noise {unknown}
 f - 3 scrolls of identify {unknown}
 j - 3 scrolls of blinking {unknown}
 k - a scroll of magic mapping {unknown}
 l - 2 scrolls of poison {unknown}
 o - a scroll of torment {unknown}
 q - 2 scrolls of immolation {unknown}
 r - a scroll of enchant armour {unknown}
 w - 2 scrolls of teleportation {unknown}
 x - a scroll of enchant weapon {unknown}
Potions
 g - 3 potions of attraction {unknown}
 h - 3 potions of haste
 m - 3 potions of curing {unknown}
 n - a potion of flight {unknown}
 p - a potion of degeneration {unknown}
 s - a potion of cancellation {unknown}
 t - a potion of invisibility {unknown}
 u - a potion of berserk rage {unknown}
 z - a potion of brilliance {unknown}


   Skills:
 + Level 5.3 Fighting
 + Level 5.3 Axes
 + Level 4.5 Armour
 + Level 4.1 Dodging


You had 5 spell levels left.
You didn't know any spells.
Your spell library was empty.

Dungeon Overview and Level Annotations

Branches:
Dungeon (5/15)             Temple (0/1) D:4

Altars:


Innate Abilities, Weirdness & Mutations

You have a pair of horns on your head.
You reflexively headbutt those who attack you in melee.


Message History

You open the door.
There is an open door here.
There is an open door here.
There is an open door here.
You open the door.
There is an open door here.
Things that are here:
a +6 rapier of draining; a +0 leather armour Done exploring.
Done exploring.
Things that are here:
a +0 short sword; 2 stones
There is a stone staircase leading down here.
You climb downwards.
The wyvern hisses angrily.
There is a stone staircase leading up here.
You closely miss the wyvern. The wyvern bites you!
You barely miss the wyvern. The wyvern barely misses you. x2
You barely miss the wyvern. You headbutt the wyvern!
The wyvern is moderately wounded.
The wyvern bites you!
You closely miss the wyvern.
The wyvern is moderately wounded.
The wyvern bites you!
The wyvern bites you but does no damage.
You barely miss the wyvern. You headbutt the wyvern.
The wyvern is heavily wounded.
The wyvern bites you!
You slash the wyvern!
The wyvern is severely wounded.
The wyvern bites you!
* * * LOW HITPOINT WARNING * * *
The wyvern bites you!
* * * LOW HITPOINT WARNING * * *
You hit the wyvern. You headbutt the wyvern.
The wyvern is almost dead.
The wyvern barely misses you.
It was a potion of haste.
You feel yourself speed up. The wyvern closely misses you.
The wyvern bites you!
You die...

###
#.#
#.#
#l#
#@#
#.#
..#
##.#
#..
##.
. .#


You could see a wyvern.

Vanquished Creatures
  Eustachio (D:4)
  A necrophage (D:4)
  An iguana (D:4)
  3 adders (D:2)
  An ufetubus (D:4)
  3 dart slugs
  2 orcs
  2 bats (D:3)
  6 endoplasms
  3 giant cockroaches
  8 goblins
  9 hobgoblins
  14 jackals
  5 quokkas
  8 ball pythons
  6 frilled lizards
  8 kobolds
  3 rats
84 creatures vanquished.

Vanquished Creatures (others)
  9 plants (D:2)
9 creatures vanquished.

Grand Total: 93 creatures vanquished

Notes
Turn   | Place    | Note
-------+----------+-------------------------------------------
     0 | D:1      | themarg the Minotaur Berserker began the quest for the Orb.
     0 | D:1      | Reached XP level 1. HP: 19/19 MP: 0/0
    19 | D:1      | Found a faded altar of an unknown god.
   249 | D:1      | Reached XP level 2. HP: 24/27 MP: 1/1
   912 | D:2      | You fall into a shaft and drop 1 floor!
   964 | D:2      | Reached ** piety under Trog
  1192 | D:2      | Reached XP level 3. HP: 30/33 MP: 2/2
  1860 | D:2      | Reached XP level 4. HP: 31/41 MP: 3/3
  3216 | D:4      | Reached XP level 5. HP: 37/47 MP: 4/4
  3691 | D:4      | Reached skill level 5 in Fighting
  3857 | D:4      | Reached skill level 5 in Axes
  4063 | D:4      | Reached *** piety under Trog
  4079 | D:4      | Noticed Eustachio
  4086 | D:4      | Killed Eustachio
  4087 | D:4      | Reached XP level 6. HP: 56/56 MP: 5/5
  4177 | D:4      | Found a staircase to the Ecumenical Temple.
  4283 | D:5      | Entered Level 5 of the Dungeon
  4283 | D:5      | Noticed a wyvern
  4289 | D:5      | HP: 1/56 [wyvern (8)]
  4291 | D:5      | Mangled by a wyvern

Illustrated notes

Levels and vault maps discovered:
D:1:      nicolae_arrival_memento_mori, layout_loops_ring,
          nicolae_ecumenical_lake_church
D:2:      layout_basic, serial_bayou_ford_a, serial_bayou_pond_b,
          serial_bayou_pond_d
D:3:      layout_basic
D:4:      nicolae_cairo_tiling_very_big, layout_basic,
          minmay_temple_entry_from_below_a, uniq_eustachio
D:5:      black_bear_nest_1, layout_loops_corners, gammafunk_ghost_mausoleum

Skill      XL: |  1  2  3  4  5 |
---------------+----------------+-----
Fighting       | 4 5 |  5.3
Axes           | 4 5 |  5.3
Armour         | 3 4 |  4.5
Dodging        | 3 4 |  4.1

Action                   |  1- 3 |  4- 6 || total
-------------------------+-------+-------++-------
Melee: Hand axe          |    96 |   109 ||   205
       Headbutt          |     8 |    21 ||    29
       Punch             |       |     2 ||     2
Invok: Berserk           |       |     2 ||     2
  Use: Potion            |       |     1 ||     1
 Stab: Sleeping          |       |     1 ||     1
Armor: Leather armour    |    26 |    22 ||    48
       Animal skin       |     1 |       ||     1
Dodge: Dodged            |    61 |    86 ||   147
